[Event "ICC tourney 1955 (60 10)"]
[Site "Internet Chess Club"]
[Date "2020.08.07"]
[Round "2"]
[White "HarleyQueen8"]
[Black "jHanna"]
[Result "1-0"]
[ICCResult "Black checkmated"]
[WhiteElo "1723"]
[BlackElo "1734"]
[Opening "QGD Slav: Dutch variation, main line"]
[ECO "D19"]
[NIC "SL.05"]
[Time "15:38:00"]
[TimeControl "3600+10"]

1. d4 d5 2. c4 c6 3. Nf3 Nf6 4. Nc3 dxc4 5. a4 Bf5 6. e3 e6 7. Bxc4 Bb4 8.
O-O O-O 9. Qe2 Bg4 10. Rd1 Nbd7 11. e4 Bxf3 12. Qxf3 e5 13. Qf5 exd4 14.
Rxd4 Bc5 15. Rd1 Qe7 16. Bf4 Rfe8 17. Rd3 Ne5 18. Bxe5 Qxe5 19. Qf3 Rad8 20.
Rad1 Rxd3 21. Bxd3 Bd4 22. Ne2 Bxb2 23. Ng3 b6 24. Bc4 Qc3 25. Qe2 g6 26.
Rb1 Ba3 27. Qa2 Re7 28. Ne2 Qa5 29. Qxa3 Rxe4 30. Qb3 Nd5 31. h3 Kg7 32.
Bxd5 cxd5 33. Nc3 Rc4 34. Rc1 Qc5 35. Qb2 d4 36. Ne2 Kh6 37. Rxc4 Qxc4 38.
Qd2+ g5 39. Qxd4 Qxe2 40. Qf6+ Kh5 41. g4+ Qxg4+ 42. hxg4+ Kxg4 43. Qxf7 h5
44. Kg2 Kh4 45. Qc4+ g4 46. Qf7 b5 47. Qf6# {Black checkmated} 1-0

[Event "ICC tourney 1955 (60 10)"]
[Site "Internet Chess Club"]
[Date "2020.08.07"]
[Round "2"]
[White "alkanet"]
[Black "HiHiHidf"]
[Result "1/2-1/2"]
[ICCResult "Game drawn by mutual agreement"]
[WhiteElo "2164"]
[BlackElo "2000"]
[Opening "Caro-Kann: classical variation"]
[ECO "B18"]
[NIC "CK.10"]
[Time "15:37:34"]
[TimeControl "3600+10"]

1. e4 c6 2. d4 d5 3. Nc3 dxe4 4. Nxe4 Bf5 5. Nc5 Qc7 6. Nf3 e6 7. Nd3 Bd6 8.
Nde5 Nf6 9. Bd3 Bxd3 10. Qxd3 Nbd7 11. Nxd7 Qxd7 12. O-O O-O 13. b3 h6 14.
c4 Rfd8 15. Bb2 Qe7 16. Rad1 Rd7 17. Rfe1 Rad8 18. Qc2 Bc7 19. g3 Qf8 20.
Nh4 Bb6 21. Nf3 Bc7 22. Kg2 Nh7 23. Qe4 Nf6 24. Qb1 Nh7 25. Qa1 Ng5 26. Nxg5
hxg5 27. Qc1 Qe7 28. Qe3 Qf6 29. Re2 Qg6 30. Rh1 Bb6 31. c5 Bc7 32. h4 gxh4
33. Rxh4 Rd5 34. Re1 Rh5 35. Rxh5 Qxh5 36. Rh1 Qg6 37. Qe2 Rd5 38. Rh3 e5
39. Rh5 Qe6 40. Qe4 exd4 41. Qh7+ Kf8 42. Rh4 Be5 43. Qh8+ Ke7 44. Re4 Qg6
45. Qh4+ f6 46. Bxd4 Kf7 47. Bxe5 Rxe5 48. Rd4 Qf5 49. Qh8 Re2 50. Rf4 Qd5+
51. Rf3 Rxa2 52. Qc8 Re2 53. Qxb7+ Re7 54. Qb4 g5 55. g4 Qe4 56. Qxe4 Rxe4
57. Kg3 Ke6 {Game drawn by mutual agreement} 1/2-1/2

[Event "ICC tourney 1955 (60 10)"]
[Site "Internet Chess Club"]
[Date "2020.08.07"]
[Round "2"]
[White "skywise"]
[Black "Knightoffaith"]
[Result "1-0"]
[ICCResult "Black resigns"]
[WhiteElo "1731"]
[BlackElo "1799"]
[Opening "Queen's Indian: Petrosian system"]
[ECO "E12"]
[NIC "QI.04"]
[Time "15:38:45"]
[TimeControl "3600+10"]

1. d4 Nf6 2. c4 e6 3. Nf3 b6 4. a3 Ba6 5. Qc2 Bb7 6. Nc3 c5 7. e3 Be7 8. Be2
O-O 9. O-O d6 10. Rd1 cxd4 11. exd4 Nbd7 12. Bf4 Re8 13. Nb5 Nf8 14. c5 Nd5
15. Bxd6 Bxd6 16. Nxd6 Re7 17. Ne5 Qc7 18. Nb5 Qd8 19. Bf3 a6 20. Nd6 b5 21.
Rac1 Rc7 22. Qd2 Ng6 23. Nxg6 hxg6 24. Qa5 Bc6 25. Re1 Kf8 26. Re5 Rd7 27.
Qxd8+ Raxd8 28. Rce1 Rb8 29. b4 Kg8 30. Bxd5 Bxd5 31. Rxd5 exd5 32. Re5 Kf8
33. Rxd5 f6 34. f4 Ke7 35. f5 g5 36. Kf2 a5 37. Ke3 axb4 38. axb4 Rh8 39. h3
Rh4 40. Nc8+ Kd8 41. Rxd7+ Kxd7 42. Nd6 Kc6 43. Nc8 Kd5 44. Ne7+ Kc4 45. c6
Rh8 46. c7 Re8 47. c8=Q+ {Black resigns} 1-0

[Event "ICC tourney 1955 (60 10)"]
[Site "Internet Chess Club"]
[Date "2020.08.07"]
[Round "2"]
[White "nboad"]
[Black "kapilank"]
[Result "1-0"]
[ICCResult "Black resigns"]
[WhiteElo "1858"]
[BlackElo "1893"]
[Opening "Sicilian: dragon, 6.Be3"]
[ECO "B72"]
[NIC "SI.16"]
[Time "15:37:41"]
[TimeControl "3600+10"]

1. e4 c5 2. Nf3 d6 3. d4 cxd4 4. Nxd4 Nf6 5. Nc3 g6 6. Be3 Bg7 7. Qd2 Ng4 8.
Bg5 Qb6 9. Nb3 Be6 10. f3 Ne5 11. O-O-O h6 12. Be3 Qd8 13. Nd5 Nbd7 14. f4
Nc6 15. Be2 Nf6 16. Nc3 a6 17. Rdf1 b5 18. f5 Bd7 19. a3 b4 20. axb4 Nxb4
21. g4 Rc8 22. Kb1 a5 23. Nd4 Bc6 24. fxg6 Nxe4 25. gxf7+ Kd7 26. Nxe4 Bxe4
27. Bb5+ Nc6 28. Rhg1 Qb6 29. Ba4 Rb8 30. Nb5 Qb7 31. Bf4 Kd8 32. b3 Nb4 33.
Nxd6 Bxc2+ 34. Kc1 Qd5 35. Qxd5 Nxd5 36. Nf5 Bxf5 37. gxf5 Rc8+ 38. Kd2 Bc3+
39. Ke2 Nf6 40. Rd1+ {Black resigns} 1-0

[Event "ICC tourney 1955 (60 10)"]
[Site "Internet Chess Club"]
[Date "2020.08.07"]
[Round "2"]
[White "chessw23"]
[Black "Quinlandia"]
[Result "0-1"]
[ICCResult "White resigns"]
[WhiteElo "1841"]
[BlackElo "2041"]
[Opening "Caro-Kann: advance variation"]
[ECO "B12"]
[NIC "CK.04"]
[Time "15:37:29"]
[TimeControl "3600+10"]

1. e4 c6 2. d4 d5 3. e5 Bf5 4. Nf3 e6 5. Be2 c5 6. Be3 Qb6 7. Nc3 Nc6 8. O-O
c4 9. Rb1 Qa6 10. a4 Qa5 11. Ne1 Bb4 12. Bg4 Nge7 13. Nb5 Bxg4 14. Qxg4 Nf5
15. c3 Be7 16. Bg5 O-O 17. Bxe7 Ncxe7 18. Qd1 a6 19. Na3 b5 20. axb5 axb5
21. Nec2 Nc6 22. b4 cxb3 23. Rxb3 Rab8 24. Qe2 b4 25. Nxb4 Ncxd4 26. cxd4
Nxd4 27. Qa2 Qa4 28. Rfb1 Nxb3 29. Qxb3 Qxb3 30. Rxb3 Rfc8 31. g3 g6 32.
Nac2 Rxc2 33. Nxc2 Rxb3 34. Nd4 Rb4 35. Nc6 Ra4 36. f4 d4 37. Kf2 Kf8 38.
Kf3 Ra2 39. Nxd4 Rxh2 40. Kg4 h5+ 41. Kf3 Ra2 42. Nb5 Ke7 43. Ke4 Ra5 44.
Nd4 Ra3 45. Ne2 Kd7 46. Kd4 Kc6 47. Nc3 Ra1 48. Ne4 Re1 49. Ng5 Rg1 50. Ne4
Kb5 51. Nd6+ Kb4 52. Ne4 Rd1+ 53. Ke3 Re1+ 54. Kf3 Rxe4 55. Kxe4 Kc4 56. Ke3
Kc3 57. Kf3 Kd4 58. Kg2 Ke4 59. Kh3 g5 60. fxg5 Kxe5 61. Kh4 Kf5 62. Kxh5 e5
63. g4+ Kf4 64. Kh4 e4 65. Kh3 Kf3 66. g6 fxg6 67. g5 e3 68. Kh2 e2 69. Kg1
e1=Q+ 70. Kh2 Qf2+ 71. Kh3 {White resigns} 0-1

[Event "ICC tourney 1955 (60 10)"]
[Site "Internet Chess Club"]
[Date "2020.08.07"]
[Round "2"]
[White "RogerZ"]
[Black "Sina101"]
[Result "1-0"]
[ICCResult "Black checkmated"]
[WhiteElo "1947"]
[BlackElo "2006"]
[Opening "Sicilian: Taimanov variation"]
[ECO "B48"]
[NIC "SI.40"]
[Time "15:38:25"]
[TimeControl "3600+10"]

1. e4 c5 2. Nf3 e6 3. d4 cxd4 4. Nxd4 Nc6 5. Nc3 Qc7 6. Be3 a6 7. Qd2 Nf6 8.
f3 Bb4 9. O-O-O Ne5 10. g4 h6 11. h4 d5 12. Bf4 Bd7 13. Nde2 Rc8 14. Bg2 Bb5
15. Bxe5 Qxe5 16. f4 Qc7 17. exd5 Bxe2 18. Qxe2 Bxc3 19. bxc3 Qxc3 20. Qd3
Qb4 21. dxe6 O-O 22. exf7+ Rxf7 23. g5 Qxf4+ 24. Qd2 Qe5 25. Qd4 Qc7 26. Qb2
Qf4+ 27. Kb1 hxg5 28. hxg5 Qxg5 29. Bh3 Re8 30. Rhe1 Rxe1 31. Rxe1 Qg3 32.
Rh1 Qf3 33. Rh2 Nd5 34. Qb3 Qd1+ 35. Kb2 Qd4+ 36. c3 Qe5 37. Rd2 Qe3 38.
Rxd5 Qe2+ 39. Qc2 Qe7 40. Rd7 Qxd7 41. Bxd7 Rxd7 42. Qg6 Rf7 43. Kb3 Rf6 44.
Qe8+ Kh7 45. Qe4+ Kh6 46. Qxb7 g5 47. Qh1+ Kg6 48. Qe4+ Kh5 49. Qh7+ Kg4 50.
c4 Kg3 51. c5 g4 52. Kc4 Kg2 53. Qe4+ Kh3 54. c6 g3 55. c7 Rf8 56. Qe6+ Kh2
57. Qh6+ Kg1 58. Qxf8 a5 59. c8=Q g2 60. Qg4 a4 61. Qff3 a3 62. Qfxg2#
{Black checkmated}
1-0

[Event "ICC tourney 1955 (60 10)"]
[Site "Internet Chess Club"]
[Date "2020.08.07"]
[Round "2"]
[White "gardemarin13"]
[Black "Gfprasanna"]
[Result "1-0"]
[ICCResult "Black resigns"]
[WhiteElo "1941"]
[BlackElo "2060"]
[Opening "Scotch gambit: Dubois-Réti defense"]
[ECO "C55"]
[NIC "KP.02"]
[Time "15:47:50"]
[TimeControl "3600+10"]

1. e4 e5 2. Nf3 Nc6 3. d4 exd4 4. Bc4 Nf6 5. e5 d5 6. Bb5 Ne4 7. Nxd4 Bd7 8.
Bxc6 bxc6 9. O-O Be7 10. f3 Nc5 11. f4 O-O 12. f5 Kh8 13. Nc3 a5 14. Be3 Rg8
15. Qg4 f6 16. e6 Be8 17. Rf3 g6 18. Rh3 Rg7 19. Bh6 Rg8 20. Qh4 gxf5 21.
Bf8 Bg6 22. Bxe7 Qxe7 23. Re1 Ne4 24. Rhe3 Ra6 25. Qf4 Qd6 26. Qh4 Qe5 27.
Rd3 Rd8 28. Nxf5 Qxf5 29. Nxe4 Re8 30. Nxf6 Rxe6 31. Rf1 Qe5 32. Nd7 Qd6 33.
Qd4+ Kg8 34. Rf8+ {Black resigns} 1-0

[Event "ICC tourney 1955 (60 10)"]
[Site "Internet Chess Club"]
[Date "2020.08.07"]
[Round "2"]
[White "JonSnow22897"]
[Black "closedforce"]
[Result "1-0"]
[ICCResult "Black resigns"]
[WhiteElo "2189"]
[BlackElo "1911"]
[Opening "French: King's Indian attack"]
[ECO "C00"]
[NIC "FR.02"]
[Time "15:37:16"]
[TimeControl "3600+10"]

1. e4 e6 2. d3 d5 3. Nd2 c5 4. Ngf3 Nc6 5. g3 Bd6 6. Bg2 Nge7 7. O-O O-O 8.
Re1 Qc7 9. Qe2 f6 10. a3 Rb8 11. Nf1 d4 12. h4 e5 13. N1h2 Be6 14. h5 h6 15.
Nh4 b5 16. g4 c4 17. Nf5 cxd3 18. cxd3 Na5 19. Nf3 Nb3 20. Rb1 Nxc1 21.
Rbxc1 Qd7 22. N3h4 Rfc8 23. Bf3 Rb6 24. Qd2 Kh7 25. Rxc8 Qxc8 26. Rc1 Qa8
27. Nxd6 Rxd6 28. Qb4 Qd8 29. Qxb5 Rb6 30. Qa4 a6 31. b4 Bd7 32. Qb3 Be6 33.
Qa4 Bd7 34. Qd1 Nc6 35. Nf5 Na7 36. Rc5 Nb5 37. Qc1 Nc3 38. Kg2 Bb5 39. Qc2
Rb8 40. Ng3 a5 41. Ne2 axb4 42. axb4 Ba6 43. Nxc3 dxc3 44. Rxc3 Rxb4 45. Be2
Rd4 46. Kf3 Qd7 47. Ke3 Qa4 48. Qxa4 Rxa4 49. Bd1 Rd4 50. Bb3 Rd8 51. Bd5
Bc8 52. f3 Bd7 53. Rc7 Bc8 54. Bf7 Ba6 55. Bd5 Bc8 56. d4 exd4+ 57. Kxd4 Be6
58. Kc5 Bg8 59. f4 Kh8 60. Bxg8 Kxg8 61. e5 Rd1 62. e6 Kf8 63. Rd7 Rf1 64.
f5 Rc1+ 65. Kd6 Rd1+ 66. Kc7 Ra1 67. Rd8+ Ke7 68. Rg8 Ra7+ 69. Kb6
{Black resigns}
1-0

[Event "ICC tourney 1955 (60 10)"]
[Site "Internet Chess Club"]
[Date "2020.08.07"]
[Round "2"]
[White "Coolbull"]
[Black "Sahabangs"]
[Result "1/2-1/2"]
[ICCResult "Game drawn because neither player has mating material"]
[WhiteElo "1742"]
[BlackElo "1439"]
[Opening "Sicilian: Hungarian variation"]
[ECO "B27"]
[NIC "SI.43"]
[Time "15:37:38"]
[TimeControl "3600+10"]

1. e4 c5 2. Nf3 g6 3. c3 Nc6 4. d4 cxd4 5. cxd4 Bg7 6. Bc4 e6 7. O-O Nge7 8.
Nc3 O-O 9. Bg5 h6 10. Bf4 a6 11. Rc1 b5 12. Bb3 Bb7 13. Qd2 g5 14. Be3 Rc8
15. e5 Nf5 16. Ne4 Nxe5 17. Nexg5 Ng4 18. Rxc8 Qxc8 19. Nh3 Qd8 20. Bd1 e5
21. Nxe5 Nxe5 22. dxe5 Bxe5 23. Bxh6 Re8 24. Bc2 Nd4 25. Ng5 Bxh2+ 26. Kxh2
Qc7+ 27. Kg1 Nxc2 28. Rc1 Qc6 29. Nf3 Qg6 30. Nh4 Qg4 31. Rxc2 Qxh4 32. Rc3
Re6 33. Rh3 Qe7 34. Qf4 Qe8 35. Qd4 Rg6 36. f3 Bxf3 37. Rxf3 Rxh6 38. Re3
Qc8 39. Rc3 Qb7 40. Qe5 Qb6+ 41. Kf1 Qf6+ 42. Qxf6 Rxf6+ 43. Ke2 Kf8 44.
Rc8+ Ke7 45. b4 Kd6 46. Rc5 Rf4 47. a3 Rc4 48. Rf5 Ke6 49. Rf3 Rc2+ 50. Kf1
d5 51. g4 Ke5 52. Rxf7 Rc4 53. g5 Rg4 54. Rf6 Rxg5 55. Rxa6 d4 56. Ke2 Ke4
57. Rd6 Rg2+ 58. Kd1 d3 59. Re6+ Kd4 60. Rc6 Ra2 61. Rc5 Rxa3 62. Rxb5 Kc3
63. Rc5+ Kxb4 64. Rc8 Ra2 65. Rc7 Rh2 66. Rc8 Rh4 67. Kd2 Rd4 68. Rc3 Rd8
69. Rxd3 Rxd3+ 70. Kxd3 {Game drawn because neither player has mating
material} 1/2-1/2

[Event "ICC tourney 1955 (60 10)"]
[Site "Internet Chess Club"]
[Date "2020.08.07"]
[Round "2"]
[White "StevChess01"]
[Black "ganzy"]
[Result "0-1"]
[ICCResult "White resigns"]
[WhiteElo "1897"]
[BlackElo "2102"]
[Opening "King's Indian defense"]
[ECO "E60"]
[NIC "KI.80"]
[Time "15:37:50"]
[TimeControl "3600+10"]

1. d4 Nf6 2. c4 g6 3. f3 Bg7 4. e4 d6 5. Ne2 O-O 6. Be3 Nc6 7. Qd2 e5 8. d5
Ne7 9. Nec3 Nd7 10. Na3 a5 11. Nab5 Nc5 12. Be2 f5 13. O-O-O b6 14. Kb1 f4
15. Bf2 g5 16. h3 h5 17. Rc1 Bd7 18. Rhd1 Be8 19. b3 Bg6 20. Kb2 Qd7 21. Bf1
Kf7 22. Be2 Ng8 23. Bd3 g4 24. hxg4 hxg4 25. Rh1 Nf6 26. Bc2 Rh8 27. Rcf1
Na6 28. Qd1 gxf3 29. gxf3 Rh3 30. Rxh3 Qxh3 31. Nb1 Qh2 32. Nd2 Rh8 33. Qe1
Ke8 34. Rg1 Rh6 35. Qf1 Bf8 36. Be1 Be7 37. Bf2 Bd8 38. Qg2 Kf7 39. Nc3 Nb8
40. Nf1 Qxg2 41. Rxg2 Rh3 42. Nd2 Nbd7 43. Bd1 Nh5 44. Ne2 Kf6 45. Kc1 Nf8
46. Ng1 Rh1 47. Ne2 Be8 48. Kc2 Ng6 49. Kc1 Bd7 50. Rg1 Rh2 51. Be1 Kf7 52.
Kc2 Bh4 53. Bxh4 Nxh4 54. Rg5 Ng2 55. Nf1 Ne1+ 56. Kc3 Nxf3 57. Nxh2 Nxg5
58. Ng1 Ng3 59. Kd3 Bh3 60. Ngf3 Kf6 61. Nxg5 Kxg5 62. Nf3+ Kf6 63. a3 Bf1+
64. Kc3 Nxe4+ 65. Kc2 Nf2 66. Nd2 Nxd1 67. Kxd1 Bd3 68. Ke1 e4 69. Kd1 Ke5
70. Kc1 f3 71. Kd1 f2 {White resigns} 0-1

[Event "ICC tourney 1955 (60 10)"]
[Site "Internet Chess Club"]
[Date "2020.08.07"]
[Round "3"]
[White "IndianTerritory"]
[Black "kkhanna"]
[Result "1-0"]
[ICCResult "Black checkmated"]
[WhiteElo "2000"]
[BlackElo "1396"]
[Opening "Robatsch defense: two knights variation"]
[ECO "B07"]
[NIC "VO.17"]
[Time "18:32:17"]
[TimeControl "3600+10"]

1. e4 d6 2. d4 g6 3. Nc3 Bg7 4. Nf3 Nc6 5. Bb5 Bd7 6. O-O a6 7. Bc4 e5 8.
dxe5 Nxe5 9. Nxe5 Bxe5 10. Qd5 Be6 11. Qxb7 Bxc4 12. Qc6+ Qd7 13. Qxa8+ Ke7
14. Nd5+ Ke6 15. Rd1 Be2 16. Rd2 Bb5 17. f4 Bg7 18. Qa7 c6 19. f5+ gxf5 20.
exf5+ Kxf5 21. Qxd7+ Ke4 22. Nc3+ Bxc3 23. bxc3 Nf6 24. Qe7+ Kf5 25. Rf2+
Kg4 26. h3+ Kg3 27. Rf3+ Kh4 28. Qxf6+ Kh5 29. Qg5# {Black checkmated} 1-0

[Event "ICC tourney 1955 (60 10)"]
[Site "Internet Chess Club"]
[Date "2020.08.07"]
[Round "3"]
[White "HR2005"]
[Black "matein7"]
[Result "0-1"]
[ICCResult "White resigns"]
[WhiteElo "2044"]
[BlackElo "1938"]
[Opening "Sicilian: Najdorf"]
[ECO "B90"]
[NIC "SI.14"]
[Time "18:32:44"]
[TimeControl "3600+10"]

1. e4 c5 2. Nf3 d6 3. d4 cxd4 4. Nxd4 Nf6 5. Nc3 a6 6. f3 e6 7. Be3 Be7 8.
Qd2 Qc7 9. g4 b5 10. a3 O-O 11. g5 Nfd7 12. f4 Bb7 13. Bg2 Nb6 14. Nce2 N8d7
15. c3 Nc4 16. Qc1 Nc5 17. Ng3 Nd3+ {White resigns} 0-1

[Event "ICC tourney 1955 (60 10)"]
[Site "Internet Chess Club"]
[Date "2020.08.07"]
[Round "3"]
[White "kabirahmed"]
[Black "whyyoutrysohard"]
[Result "1-0"]
[ICCResult "Black resigns"]
[WhiteElo "1939"]
[BlackElo "1610"]
[Opening "Nimzovich-Larsen attack: Indian variation"]
[ECO "A01"]
[NIC "VO.08"]
[Time "18:33:01"]
[TimeControl "3600+10"]

1. b3 Nf6 2. Bb2 g6 3. c4 Bg7 4. Nc3 O-O 5. d4 d6 6. e4 e5 7. d5 a5 8. Bd3
Nbd7 9. Nge2 Nc5 10. O-O Nfd7 11. Qc2 f5 12. exf5 Nxd3 13. Qxd3 Nc5 14. Qd2
gxf5 15. Ng3 f4 16. Nge4 Nxe4 17. Nxe4 Qh4 18. f3 Rf5 19. a3 Rh5 20. h3 Rh6
21. Bc3 Bxh3 22. gxh3 Qxh3 23. Kf2 Rg6 24. Ke2 {Black resigns} 1-0

[Event "ICC tourney 1955 (60 10)"]
[Site "Internet Chess Club"]
[Date "2020.08.07"]
[Round "3"]
[White "cprovince"]
[Black "mikoyansuren"]
[Result "0-1"]
[ICCResult "White checkmated"]
[WhiteElo "1891"]
[BlackElo "1904"]
[Opening "QGD: Chigorin defense"]
[ECO "D07"]
[NIC "QP.08"]
[Time "18:33:06"]
[TimeControl "3600+10"]

1. d4 d5 2. c4 Nc6 3. Nf3 Bg4 4. e3 e5 5. Be2 dxc4 6. d5 Nb4 7. Nc3 Bxf3 8.
Bxf3 Nd3+ 9. Kf1 Bb4 10. Be4 Nc5 11. Bc2 Ne7 12. Ba4+ c6 13. Qg4 Bxc3 14.
dxc6 Nxa4 15. cxb7 Rb8 16. bxc3 Rxb7 17. Ba3 Nxc3 18. Qxg7 Rb1+ 19. Rxb1
Qd3+ 20. Ke1 Qe2# {White checkmated} 0-1

[Event "ICC tourney 1955 (60 10)"]
[Site "Internet Chess Club"]
[Date "2020.08.07"]
[Round "3"]
[White "combusken1123"]
[Black "Zues9393"]
[Result "1-0"]
[ICCResult "Black resigns"]
[WhiteElo "1717"]
[BlackElo "1919"]
[Opening "Sicilian: dragon, Yugoslav attack, 9.Bc4"]
[ECO "B77"]
[NIC "SI.18"]
[Time "18:32:36"]
[TimeControl "3600+10"]

1. e4 c5 2. Nf3 d6 3. d4 cxd4 4. Nxd4 Nf6 5. Nc3 g6 6. Be3 Bg7 7. f3 O-O 8.
Qd2 Nc6 9. Bc4 Ne5 10. Bb3 Bd7 11. O-O-O Qa5 12. Kb1 Rfc8 13. Nd5 Qxd2 14.
Rxd2 Nxd5 15. Bxd5 Nc4 16. Bxc4 Rxc4 17. Rhd1 a5 18. b3 Rc3 19. Rd3 Rc7 20.
a4 Rac8 21. R1d2 Rb8 22. f4 b5 23. Nxb5 Rcb7 24. e5 Bxb5 25. axb5 dxe5 26.
Rd8+ Bf8 27. fxe5 Kg7 28. c4 e6 29. b6 Bb4 30. R2d3 Rxd8 31. Rxd8 Bc3 32. c5
Bxe5 33. c6 Re7 34. Bc5 {Black resigns} 1-0

[Event "ICC tourney 1955 (60 10)"]
[Site "Internet Chess Club"]
[Date "2020.08.07"]
[Round "3"]
[White "fork321"]
[Black "ImmorTalChamp"]
[Result "1-0"]
[ICCResult "Black resigns"]
[WhiteElo "1955"]
[BlackElo "1772"]
[Opening "Catalan: closed"]
[ECO "E01"]
[NIC "CA.01"]
[Time "18:32:32"]
[TimeControl "3600+10"]

1. d4 Nf6 2. c4 e6 3. g3 d5 4. Bg2 Bd6 5. Nf3 Nbd7 6. O-O c6 7. Qc2 O-O 8.
b3 Qc7 9. Bb2 b6 10. Nbd2 Bb7 11. e4 dxe4 12. Nxe4 Nxe4 13. Qxe4 c5 14. Qe2
cxd4 15. Nxd4 Bxg2 16. Kxg2 Rac8 17. Rfd1 Qb7+ 18. Kg1 Be7 19. Nxe6 fxe6 20.
Qxe6+ Rf7 21. Rxd7 Qf3 22. Bd4 Bc5 23. Rxf7 Qxf7 24. Qxc8+ Bf8 25. Re1
{Black resigns}
1-0

[Event "ICC tourney 1955 (60 10)"]
[Site "Internet Chess Club"]
[Date "2020.08.07"]
[Round "3"]
[White "rtahmass"]
[Black "caracal"]
[Result "1-0"]
[ICCResult "Black resigns"]
[WhiteElo "2182"]
[BlackElo "1971"]
[Opening "French: Tarrasch, closed variation, main line"]
[ECO "C06"]
[NIC "FR.17"]
[Time "18:33:17"]
[TimeControl "3600+10"]

1. e4 e6 2. d4 d5 3. Nd2 Nf6 4. e5 Nfd7 5. Bd3 c5 6. c3 Nc6 7. Ne2 cxd4 8.
cxd4 f6 9. exf6 Nxf6 10. O-O Bd6 11. Nf3 O-O 12. Bg5 Qc7 13. Rc1 Bd7 14. Bb1
Be8 15. Ng3 Nh5 16. Re1 Nxg3 17. hxg3 Bf7 18. Nh4 Bxg3 19. fxg3 Qxg3 20. Qd3
Qxd3 21. Bxd3 Nxd4 22. Rc7 Rab8 23. Be7 Rfc8 24. Rec1 Nc6 25. Rxc8+ Rxc8 26.
Bd6 h6 27. Nf3 Ne7 28. Rxc8+ Nxc8 29. Bc5 g5 30. Ne5 Be8 31. Ng4 b6 32. Ba3
Kg7 33. Ba6 Bh5 34. Nf2 {Black resigns} 1-0

[Event "ICC tourney 1955 (60 10)"]
[Site "Internet Chess Club"]
[Date "2020.08.07"]
[Round "3"]
[White "atevifred"]
[Black "Vish1080"]
[Result "1-0"]
[ICCResult "Black resigns"]
[WhiteElo "1900"]
[BlackElo "1652"]
[Opening "QGD Slav: Dutch variation"]
[ECO "D18"]
[NIC "SL.05"]
[Time "18:32:48"]
[TimeControl "3600+10"]

1. d4 d5 2. c4 c6 3. Nc3 Nf6 4. Nf3 dxc4 5. a4 Bf5 6. e3 e6 7. Bxc4 Bb4 8.
O-O O-O 9. Qb3 Bxc3 10. bxc3 b6 11. Ne5 Qc7 12. f3 Nbd7 13. Nxd7 Nxd7 14. e4
Bg6 15. Be3 e5 16. Rac1 exd4 17. cxd4 c5 18. Bd5 Rab8 19. g3 Nf6 20. Bf4 Qd7
21. Bxb8 Rxb8 22. dxc5 Nxd5 23. exd5 Qe7 24. d6 Qd7 25. Rfe1 h6 26. Re7 Qh3
27. d7 Kf8 28. Rce1 f6 29. c6 Qf5 30. Qe3 Qe4 31. Qxe4 Bxe4 32. R1xe4 f5 33.
Re8+ Kf7 34. R4e7+ Kf6 35. c7 Rxe8 36. dxe8=Q Kg5 37. h4+ Kf6 {Black
resigns} 1-0

[Event "ICC tourney 1955 (60 10)"]
[Site "Internet Chess Club"]
[Date "2020.08.07"]
[Round "3"]
[White "ocean112005"]
[Black "VeronicaG"]
[Result "0-1"]
[ICCResult "White resigns"]
[WhiteElo "1644"]
[BlackElo "1834"]
[Opening "Queen's pawn, Mason variation"]
[ECO "D00"]
[NIC "QP.08"]
[Time "18:33:36"]
[TimeControl "3600+10"]

1. d4 d5 2. Bf4 e6 3. e3 Nf6 4. Nf3 Be7 5. Bd3 O-O 6. h3 c5 7. c3 Nc6 8.
Nbd2 b6 9. O-O Bb7 10. Ne5 Re8 11. Bh2 Nxe5 12. dxe5 Nd7 13. f4 Nf8 14. Qe2
d4 15. exd4 cxd4 16. Bb5 Bc5 17. Kh1 Re7 18. cxd4 Bxd4 19. Nf3 Bc5 20. Rfd1
Qc8 21. Rac1 Rc7 22. a3 a6 23. Bd3 Bd5 24. Be4 Bxe4 25. Qxe4 Raa7 26. b4 Be7
27. Rc6 Rxc6 {White resigns} 0-1

[Event "ICC tourney 1955 (60 10)"]
[Site "Internet Chess Club"]
[Date "2020.08.07"]
[Round "3"]
[White "GoatsRock"]
[Black "dabpacman"]
[Result "1-0"]
[ICCResult "Black resigns"]
[WhiteElo "1629"]
[BlackElo "1526"]
[Opening "Queen's pawn game"]
[ECO "A45"]
[NIC "QP.07"]
[Time "18:32:27"]
[TimeControl "3600+10"]

1. d4 Nf6 2. e3 c5 3. c3 g6 4. Bd3 Bg7 5. Nd2 O-O 6. f4 d6 7. Ngf3 Nbd7 8.
O-O d5 9. Ne5 c4 10. Bc2 Nxe5 11. fxe5 Nd7 12. e4 Nb6 13. b3 cxb3 14. axb3
dxe4 15. Nxe4 Nd5 16. Qf3 Bf5 17. g4 Bxe4 18. Bxe4 e6 19. Ba3 Qb6 20. Bxf8
Rxf8 21. Bxd5 exd5 22. Qxd5 Rd8 23. Qxf7+ Kh8 24. Rf2 Rf8 25. Qd5 Rd8 26.
Qc4 Bh6 27. Re1 Bg5 28. Rfe2 Bh4 29. Rf1 Re8 30. e6 Qd8 31. Rf7 Qg5 32. d5
Qc1+ 33. Kg2 Bg5 34. Qd4+ {Black resigns} 1-0

[Event "ICC tourney 1955 (60 10)"]
[Site "Internet Chess Club"]
[Date "2020.08.07"]
[Round "3"]
[White "Joelpaulg"]
[Black "aritroc"]
[Result "1-0"]
[ICCResult "Black checkmated"]
[WhiteElo "2014"]
[BlackElo "1854"]
[Opening "Sicilian: Nimzovich-Rossolimo attack (with ...g6, without ...d6)"]
[ECO "B31"]
[NIC "SI.31"]
[Time "18:32:33"]
[TimeControl "3600+10"]

1. e4 c5 2. Nf3 Nc6 3. Bb5 g6 4. Bxc6 dxc6 5. d3 Bg7 6. h3 e5 7. O-O Ne7 8.
a3 O-O 9. b4 cxb4 10. axb4 h6 11. Bb2 Qc7 12. Nbd2 Be6 13. Ra3 Rfd8 14. Qa1
f6 15. Rxa7 Rac8 16. d4 g5 17. dxe5 fxe5 18. Nb3 Bxb3 19. cxb3 Ng6 20. Rc1
Rf8 21. b5 Nf4 22. Rxc6 Qd7 23. Bxe5 g4 24. Bxg7 gxf3 25. Bxf8 Rxf8 26. Rxh6
Ne2+ 27. Kh2 fxg2 28. Qh8+ Kf7 29. Rf6+ Ke7 30. Qxf8# {Black checkmated} 1-0

[Event "ICC tourney 1955 (60 10)"]
[Site "Internet Chess Club"]
[Date "2020.08.07"]
[Round "3"]
[White "Samuel-Colt"]
[Black "goodcrowdchess"]
[Result "1-0"]
[ICCResult "Black checkmated"]
[WhiteElo "1845"]
[BlackElo "1600"]
[Opening "QGD Slav defense"]
[ECO "D10"]
[NIC "SL.01"]
[Time "18:32:19"]
[TimeControl "3600+10"]

1. d4 d5 2. c4 c6 3. Nc3 Nf6 4. Bf4 Bf5 5. e3 e6 6. Nf3 Be7 7. Bd3 Bxd3 8.
Qxd3 Nbd7 9. O-O O-O 10. Rfd1 Nh5 11. Ne2 Nxf4 12. exf4 Bd6 13. b3 Rc8 14.
f5 Qf6 15. fxe6 fxe6 16. Re1 e5 17. dxe5 Nxe5 18. Nxe5 Bxe5 19. Rad1 Qxf2+
20. Kh1 dxc4 21. Qxc4+ Kh8 22. Ng1 Bf6 23. Rf1 Qxa2 24. Rd7 b5 25. Qe6 a5
26. Rf7 Qb2 27. Nf3 a4 28. bxa4 bxa4 29. Ng5 h6 30. R7xf6 gxf6 31. Nf7+ Kg7
32. Nd6 Rcd8 33. Qg4+ Kh8 34. Qf4 Rd7 35. Qxh6+ Rh7 36. Qxf8# {Black
checkmated} 1-0

[Event "ICC tourney 1955 (60 10)"]
[Site "Internet Chess Club"]
[Date "2020.08.07"]
[Round "3"]
[White "piplup0621"]
[Black "Goran21"]
[Result "0-1"]
[ICCResult "White resigns"]
[WhiteElo "1899"]
[BlackElo "2114"]
[Opening "King's Indian: fianchetto, lesser Simagin (Spassky) variation"]
[ECO "E62"]
[NIC "KI.72"]
[Time "18:32:46"]
[TimeControl "3600+10"]

1. Nf3 Nf6 2. c4 g6 3. d4 Bg7 4. g3 d6 5. Bg2 O-O 6. Nc3 Nc6 7. O-O Bf5 8.
d5 Na5 9. Nd2 c6 10. e4 Bg4 11. f3 Bd7 12. Nb3 Nxc4 13. Bg5 Qb6+ 14. Kh1 Ne3
15. Bxe3 Qxe3 16. dxc6 bxc6 17. Re1 Qb6 18. e5 dxe5 19. Na4 Qb4 20. Nac5
Rad8 21. Qe2 Bf5 22. g4 Bc8 23. Rac1 Nd5 24. Nd3 Qb6 25. Nbc5 Nf4 26. Nxf4
exf4 27. b3 Qa5 28. Ne4 Ba6 29. Qc2 Bd4 30. Qxc6 Qxa2 31. Nc3 Bxc3 32. Qxc3
Qf2 33. Rc2 Qh4 34. Rec1 Rd3 35. Qa1 Bb7 36. Qxa7 Rxb3 37. Rc7 Bxf3 38. Bxf3
Rxf3 39. Rc8 Rxc8 40. Rxc8+ Kg7 41. Qd4+ Qf6 42. Qd1 Ra3 43. Rc1 Qe5
{White resigns}
0-1